 Dungeon Crawl Stone Soup version 0.30-b1-2-g02819fbbbe (webtiles) character file.

Game seed: 94336189334611268

302 Fartwhistle the Changer (level 6, -15/41 HPs)
             Began as an Octopode Transmuter on May 25, 2023.
             Demolished by an ogre
             ... wielding a +0 giant club
              (34 damage)
             ... on level 4 of the Dungeon.
             The game lasted 00:06:58 (3475 turns).

Fartwhistle the Changer (Octopode Transmuter)       Turns: 3475, Time: 00:06:59

Health: -15/41     AC:  2    Str:  9    XL:     6   Next: 37%
Magic:  9/11       EV: 19    Int: 17    God:
Gold:   219        SH:  0    Dex: 18    Spells: 8/12 levels left

rFire   . .          .
                       - Unarmed
rCold   . . .        (shield currently unavailable)
rNeg    . . .        (helmet currently unavailable)
rPois   x            (no amulet)
rElec   .            n - ring of see invisible
rCorr   .            (no ring)
SInv    +            (no ring)
Will    .....        (no ring)
Stlth   ++           (no ring)
HPRegen 0.26/turn    (no ring)
MPRegen 0.12/turn    (no ring)
                     (no ring)

%: no passive effects
@: spider-form
A: venomous fangs, almost no armour, (amphibious), 8 rings, tiny, (camouflage
1), (gelatinous body 1), (nimble swimmer 1), (tentacles)
a: End Transformation


You were on level 4 of the Dungeon.
You were a venomous arachnid creature.
You visited 1 branch of the dungeon, and saw 4 of its levels.

You collected 219 gold pieces.

Inventory:

Hand Weapons
 k - a +0 sling
Missiles
 l - 26 stones
 r - 4 boomerangs
Jewellery
 n - a ring of see invisible (left front pincers)
Wands
 q - a wand of light (7)
Scrolls
 b - a scroll of immolation {unknown}
 g - a scroll of amnesia {unknown}
 h - 3 scrolls of identify {unknown}
 i - 2 scrolls of magic mapping {unknown}
 o - a scroll of noise {unknown}
Potions
 a - 3 potions of lignification
 c - 3 potions of heal wounds {unknown}
 d - a potion of haste {unknown}
 e - a potion of attraction {unknown}
 f - a potion of resistance {unknown}
 j - a potion of flight {unknown}
 m - 5 potions of curing {unknown}
 p - a potion of mutation {unknown}


   Skills:
 + Level 2.5 Fighting
 - Level 2.0 Dodging
 - Level 3.0 Unarmed Combat
 + Level 3.9 Spellcasting
 + Level 4.1 Transmutations
 - Level 2.0 Poison Magic


You had 8 spell levels left.
You knew the following spells:

 Your Spells              Type           Power      Damage    Failure   Level
a - Beastly Appendage     Tmut           34%        N/A       10%         1
b - Spider Form           Tmut/Pois      13%        N/A       30%         3

Your spell library contained the following spells:

 Spells                   Type           Power      Damage    Failure   Level
 Wereblood                Tmut           17%        N/A       13%         2
 Freeze                   Ice            12%        1d3       34%         1
 Shock                    Conj/Air       12%        1d3       34%         1
 Frozen Ramparts          Ice            6%         1d1       65%         3
 Hailstorm                Conj/Ice       3%         3d3       65%         3
 Swiftness                Air            3%         N/A       65%         3
 Vhi's Electric Charge    Tloc/Air       6%         N/A       65%         3
 Ice Form                 Ice/Tmut       10%        N/A       77%         4
 Airstrike                Air            1%         2d(1-17)  95%         4
 Arcjolt                  Conj/Air       1%         1d11      100%        5
 Maxwell's Capacitive Co  Air            1%         ∞         100%        8


Dungeon Overview and Level Annotations

Branches:
Dungeon (4/15)
 Temple: D:4-7

Altars:

Annotations:
D:1 2 runed translucent doors


Innate Abilities, Weirdness & Mutations

You are a venomous arachnid creature.
You have venomous fangs.
You are tiny and dextrous.
Your spellcasting is less reliable in this form.
Your armour is entirely melded.
You are incapable of wielding weapons or throwing items.
You cannot wear most types of armour.
((You are amphibious.))
You can wear up to eight rings at the same time.
((Your skin changes colour to match your surroundings (Stealth+).))
((Your rubbery body absorbs attacks. (AC +1, EV +1)))
((You are camouflaged when in or above water. (Stealth+)))
((You have tentacles for arms and can constrict up to eight enemies at once.))


Message History

A gnoll comes into view. It is wielding a +0 flail.
Casting: Spider Form (dangerous; 14% risk of failure)
Confirm with . or Enter, or press ? or * to list all spells.
You turn into a venomous arachnid creature.
A gnoll comes into view. It is wielding a +0 spear.
A gnoll comes into view. It is wielding a +0 spear.
The gnoll shouts!
You hit the gnoll.
The gnoll is moderately wounded.
The gnoll barely misses you.
You hit the gnoll.
The gnoll is poisoned.
The gnoll is heavily wounded.
The gnoll barely misses you.
You hit the gnoll.
The gnoll is severely wounded.
You hit the gnoll but do no damage.
The gnoll looks as sick as possible!
The gnoll is almost dead.
You kill the gnoll!
The gnoll hits you from afar with a +0 spear.
You hit the ogre.
The ogre is lightly wounded.
The ogre barely misses you. The gnoll closely misses you.
You hit the ogre.
The ogre is poisoned.
The ogre is moderately wounded.
The gnoll closely misses you. The ogre hits you with a +0 giant club!
You hit the ogre.
The ogre is heavily wounded.
The gnoll hits you from afar with a +0 spear!
The gnoll misses you.
Aiming: Bolt of Light
Press: ? - help, Shift-Dir - straight line, f - ogre
Aim: an ogre, wielding a +0 giant club (heavily wounded, very poisoned, 86% to hit)
The bolt of light hits the ogre!
The ogre is almost dead.
The ogre is blinded.
The bolt of light hits the gnoll!
The gnoll is severely wounded.
The gnoll is blinded.
The gnoll barely misses you.
The ogre hits you with a +0 giant club!!
Ouch! That really hurt!
You die...

#############
#...........#
#...........#
#....[......#
#..)........#
#..........s########
#......#####Og......
#......# #gg......
#......# #........
#......# #....!...
#......# #...$....
#......# #.>......
#......# #........
#......# #........


You could see an ogre (blind, very poisoned) and 3 gnolls.

Vanquished Creatures
  A phantom (D:4)
  A hound (D:4)
  An iguana (D:2)
  5 adders
  4 gnolls
  A shadow imp (D:4)
  A worm (D:2)
  A dart slug (D:4)
  3 orcs
  3 bats
  6 endoplasms
  2 giant cockroaches
  7 goblins
  6 hobgoblins
  2 jackals (D:2)
  2 quokkas
  9 ball pythons
  5 frilled lizards
  10 kobolds
  10 rats
80 creatures vanquished.

Notes
Turn   | Place    | Note
-------+----------+-------------------------------------------
     0 | D:1      | Fartwhistle the Octopode Transmuter began the quest for the
                  | Orb.
     0 | D:1      | Reached XP level 1. HP: 13/13 MP: 3/3
   157 | D:1      | Found a large runed translucent door.
   157 | D:1      | Found a large runed translucent door.
   164 | D:1      | Noticed a troll
   167 | D:1      | Reached XP level 2. HP: 18/18 MP: 5/5
   537 | D:1      | Reached XP level 3. HP: 23/23 MP: 7/7
   541 | D:1      | Learned a level 3 spell: Spider Form
  1033 | D:2      | Reached skill level 3 in Transmutations
  1033 | D:2      | Reached skill level 1 in Poison Magic
  1033 | D:2      | Reached XP level 4. HP: 16/28 MP: 6/8
  1692 | D:2      | Reached XP level 5. HP: 33/33 MP: 9/9
  2328 | D:3      | Found a faded altar of an unknown god.
  3187 | D:4      | Noticed a phantom
  3267 | D:4      | Killed a phantom
  3268 | D:4      | Reached skill level 4 in Transmutations
  3268 | D:4      | Reached XP level 6. HP: 24/40 MP: 9/11
  3475 | D:4      | Demolished by an ogre

Illustrated notes

Levels and vault maps discovered:
D:1:      erik_arrival_cave_to_civilisation [erik_arrival_cave_to_temple],
          layout_basic, corexii_item_surrounded_by_moat
D:2:      layout_basic, grunt_decor_one_mirror
D:3:      minmay_recursive_quarters, layout_basic,
          shapermc_ecumenical_altar_mp_urbaneastern,
          chequers_serial_rivers_micro_c, st_stairs_14, minivault_23,
          minmay_misc_feat_square, item_on_display_a
D:4:      layout_gridville, grunt_gozag_statues, grunt_temple_overflow_open,
          temple_hall

Skill      XL: |  1  2  3  4  5 |
---------------+----------------+-----
Spellcasting   | 3 |  3.9
Transmutations | 3 4 |  4.1
Poison Magic   | 1 2 |  2.0
Fighting       | 2 |  2.5
Dodging        | |  2.0
Unarmed Combat | |  3.0

Action                     |  1- 3 |  4- 6 || total
---------------------------+-------+-------++-------
  Melee: Unarmed           |    53 |   119 ||   172
         Constrict         |    16 |    24 ||    40
         Tentacles         |    13 |    20 ||    33
         Kick              |       |     7 ||     7
         Punch             |       |     3 ||     3
   Fire: Sling             |       |     6 ||     6
   Cast: Beastly Appendage |     1 |     4 ||     5
         Spider Form       |       |     4 ||     4
  Evoke: Wand              |       |     3 ||     3
   Stab: Sleeping          |     5 |     3 ||     8
         Invisible         |       |     3 ||     3
 Armour: Skin              |     5 |     9 ||    14
  Dodge: Dodged            |    19 |    66 ||    85
